 Dungeon Crawl Stone Soup version 0.30-a0-847-g17996783a1 (webtiles) character file.

Game seed: 3704961905194551324

217 greenreed the Magician (level 5, -2/24 HPs)
             Began as a Spriggan Conjurer on Mar 3, 2023.
             Was an Initiate of Qazlal.
             Slain by a wyvern zombie (13 damage)
             ... in an ossuary.
             The game lasted 00:07:55 (4594 turns).

greenreed the Magician (Spriggan Conjurer)          Turns: 4594, Time: 00:07:55

Health: -2/24      AC:  6    Str:  7    XL:     5   Next: 61%
Magic:  1/13       EV: 17    Int: 26    God:    Qazlal [......]
Gold:   180        SH:  5    Dex: 17    Spells: 10/13 levels left

rFire   . . .      SeeInvis +    (weapon restricted)
rCold   . . .      Faith    .    (no shield)
rNeg    . . .      Spirit   .    l - +4 robe of Augmentation {Str+4 Int+4 Dex+4}
rPois   .          Reflect  +    (helmet restricted)
rElec   .          Rampage  .    (no cloak)
rCorr   .                        (gloves unavailable)
Will    .....                    (boots unavailable)
Stlth   ++                       i - amulet of reflection
HPRegen 0.24/turn                (no ring)
MPRegen 0.13/turn                (no ring)

@: slow
A: very small, no large weapons, unfitting armour, see invisible, speed 3
a: Renounce Religion


You were in an ossuary.
You worshipped Qazlal.
Qazlal was noncommittal.
You visited 2 branches of the dungeon, and saw 6 of its levels.
You also visited: Ossuary.

You collected 180 gold pieces.

Inventory:

Armour
 a - a +0 robe
 l - the +4 robe of Augmentation (worn) {Str+4 Int+4 Dex+4}
   (You found it on level 2 of the Dungeon)

   Str:       It affects your strength (+4).
   Int:       It affects your intelligence (+4).
   Dex:       It affects your dexterity (+4).
Jewellery
 i - an amulet of reflection (around neck)
Wands
 k - a wand of digging (2)
 m - a wand of paralysis (8)
Scrolls
 e - 2 scrolls of fear
 f - 2 scrolls of identify {unknown}
 j - 2 scrolls of enchant armour {unknown}
 n - 2 scrolls of teleportation {unknown}
 o - a scroll of acquirement {unknown}
 p - a scroll of blinking {unknown}
Potions
 b - a potion of magic
 c - 2 potions of curing {unknown}
 d - 2 potions of attraction {unknown}
 g - 2 potions of haste {unknown}
 h - a potion of degeneration {unknown}
 q - a potion of flight {unknown}
 r - a potion of might {unknown}


   Skills:
 - Level 2.7 Dodging
 + Level 3.8 Stealth
 * Level 4.7 Spellcasting
 * Level 4.4 Conjurations


You had 10 spell levels left.
You knew the following spells:

 Your Spells              Type           Power      Damage    Failure   Level
a - Magic Dart            Conj           100%       1d8       1%          1
b - Searing Ray           Conj           58%        2d6       1%          2

Your spell library contained the following spells:

 Spells                   Type           Power      Damage    Failure   Level
 Necrotise                Necr           24%        1d5       8%          1
 Dazzling Flash           Conj/Hex       34%        N/A       10%         3
 Lesser Beckoning         Tloc           12%        N/A       12%         2
 Gell's Gravitas          Tloc           6%         N/A       24%         3
 Teleport Other           Tloc           6%         N/A       24%         3
 Vampiric Draining        Necr           6%         2d6       24%         3
 Fulminant Prism          Conj/Hex       8%         3d7       32%         4
 Iskenderun's Mystic Bla  Conj/Tloc      17%        2d5       32%         4
 Agony                    Necr           6%         N/A       91%         5
 Silence                  Hex/Air        3%         N/A       91%         5


Dungeon Overview and Level Annotations

Branches:
Dungeon (5/15)             Temple (1/1) D:4         Ossuary (1/1)

Altars:
Ashenzari
Dithmenos
Elyvilon
Gozag
Hepliaklqana
Makhleb
Nemelex Xobeh
Qazlal
Ru
Sif Muna
Trog
Uskayaw
Wu Jian
Xom
Zin


Innate Abilities, Weirdness & Mutations

You are very small and have problems with some larger weapons.
You are too small for most types of armour.
You have supernaturally acute eyesight. (SInv)
You cover ground extremely quickly. (Speed+++)


Message History

Casting: Searing Ray (safe; 1% risk of failure)
Confirm with . or Enter, or press ? or * to list all spells.
Aiming: Searing Ray (safe; 1% risk of failure)
Press: ? - help, Shift-Dir - straight line, f/p - wyvern zombie
Aim: a wyvern zombie (heavily damaged, 93% to hit)
The searing ray hits the wyvern zombie.
The wyvern zombie is severely damaged.
The searing ray hits the wyvern zombie!
The wyvern zombie is severely damaged. (Press . to maintain the ray.)
The wyvern zombie closely misses you.
The searing ray hits the wyvern zombie.
The wyvern zombie is severely damaged.
The searing ray hits the wyvern zombie.
The wyvern zombie is almost destroyed.
The wyvern zombie completely misses you.
The wyvern zombie misses you.
The searing ray hits the wyvern zombie.
The wyvern zombie is almost destroyed.
The searing ray hits the wyvern zombie.
The wyvern zombie is almost destroyed.
The wyvern zombie bites you.
Without enough magic to sustain it, your searing ray dissipates.
The wyvern zombie closely misses you.
You completely miss the wyvern zombie.
The wyvern zombie is almost destroyed.
The wyvern zombie bites you but does no damage.
The mummy closely misses you. The mummy misses you.
The wyvern zombie bites you.
Your unstable footing causes you to fumble your attack.
The wyvern zombie misses you.
The mummy splashes around in the water.
Your unstable footing causes you to fumble your attack.
The wyvern zombie bites you! The mummy completely misses you.
As you read the scroll labelled BOULOINGENT, it crumbles to dust.
You assume a fearsome visage.
The mummy is unaffected. x3
The wyvern zombie is unaffected.
The bog mummy is unaffected.
The wyvern zombie is unaffected.
It was a scroll of fear.
The wyvern zombie bites you!
Ouch! That really hurt!
You die...

# ## # #≈# ≈≈
≈# #≈≈#### ≈#≈≈
#≈≈≈## ≈≈≈#
#≈M@###≈≈#≈#
#MMPZZ~.~≈#
~#+#'#+#~#+####
~~~M~.~~~.~.P~#
'##M##~##~≈#~#
#. #...#~..# #
#.∩.# ~#~#
#∩..# .. ≈#
##### ## #


You could see 3 mummies, a bog mummy and 2 wyvern zombies.

Vanquished Creatures
  Jessica (D:2)
  3 mummies (Ossuary)
  A howler monkey zombie (Ossuary)
  3 adders
  3 dart slugs
  3 orcs
  3 ball pythons
  10 endoplasms
  3 giant cockroaches
  7 goblins
  3 hobgoblins
  3 jackals (D:4)
  A quokka (D:3)
  8 bats
  8 frilled lizards
  5 kobolds
  A rat (D:1)
66 creatures vanquished.

Vanquished Creatures (others)
  6 withered plants (Ossuary)
6 creatures vanquished.

Grand Total: 72 creatures vanquished

Notes
Turn   | Place    | Note
-------+----------+-------------------------------------------
     0 | D:1      | greenreed the Spriggan Conjurer began the quest for the
                  | Orb.
     0 | D:1      | Reached XP level 1. HP: 9/9 MP: 5/5
   441 | D:1      | Reached XP level 2. HP: 13/13 MP: 3/6
  1256 | D:2      | Reached XP level 3. HP: 16/16 MP: 5/8
  1290 | D:2      | Noticed Jessica
  1308 | D:1      | Learned a level 2 spell: Searing Ray
  1349 | D:2      | Killed Jessica
  1461 | D:2      | Reached XP level 4. HP: 21/21 MP: 0/10
  1603 | D:2      | Found the +4 robe of Augmentation {Str+4 Int+4 Dex+4}
  2384 | D:2      | Found a faded altar of an unknown god.
  3564 | D:4      | Found a hazy altar of Hepliaklqana.
  3714 | D:4      | Found a staircase to the Ecumenical Temple.
  3723 | Temple   | Entered the Ecumenical Temple
  3954 | Temple   | Became a worshipper of Qazlal Stormbringer
  3996 | D:4      | Found an opulent altar of Gozag.
  4428 | D:5      | Entered Level 5 of the Dungeon
  4449 | D:5      | Found a sand-covered staircase.
  4480 | Ossuary  | Entered an ossuary
  4491 | Ossuary  | Reached XP level 5. HP: 24/24 MP: 6/12
  4594 | Ossuary  | Slain by a wyvern zombie

Illustrated notes

Levels and vault maps discovered:
D:1:      dpeg_arrival_windows_large_door, layout_basic
D:2:      layout_basic, dilly_ecumenical_altar_fadedgnrine, uniq_jessica
D:3:      layout_loops_ring, nicolae_elevator_lobby_plus
D:4:      cheibrodos_quashed, layout_basic, mainiacjoe_overflow_tiny_flanked,
          nzn_hepliaklqana_mist_gate, minmay_temple_entry_poolview,
          serial_rivers, chequers_serial_rivers_micro_b,
          chequers_serial_rivers_micro_d, chequers_serial_rivers_small_b,
          chequers_serial_rivers_small_3, chequers_serial_rivers_room_b
D:5:      wander_river, layout_rooms, fedhas_bush_and_centaur_altar,
          mainiacjoe_overflow_divided_tiny,
          nicolae_ossuary_entry_false_entrances
Temple:   nicolae_temple_figure_eight
Ossuary:  ossuary_zaba_flooded

Skill      XL: |  1  2  3  4 |
---------------+-------------+-----
Conjurations   | 3 4 |  4.4
Spellcasting   | 3 4 |  4.7
Dodging        | |  2.7
Stealth        | |  3.8

Action                     |  1- 3 |  4- 6 || total
---------------------------+-------+-------++-------
  Melee: Unarmed           |     4 |     3 ||     7
   Cast: Magic Dart        |    60 |    75 ||   135
         Searing Ray       |     2 |     6 ||     8
    Use: Scroll            |       |     1 ||     1
 Armour: Robe              |       |    19 ||    19
  Dodge: Dodged            |     4 |    47 ||    51
  Block: Other             |     2 |     8 ||    10

Table legend: (Time is in decaauts)
 A = Elapsed time spent in this place.
 B = Non-inter-level travel time spent in this place.
 C = Inter-level travel time spent in this place.
 D = Time resting spent in this place.
 E = Time spent auto-exploring this place.
 F = Levels seen in this place.
 G = Mean time per level.
                   A        B        C        D        E       F      G
               +--------+--------+--------+--------+--------+-----+--------+
         Total |   3398 |   3258 |    140 |      3 |   2854 |   7 |  485.4 |
       Dungeon |   3125 |   3011 |    114 |      3 |   2726 |   5 |  625.0 |
        Temple |    158 |    132 |     26 |      0 |    126 |   1 |  158.0 |
       Ossuary |    114 |    114 |      0 |      0 |      1 |   1 |  114.0 |
               +--------+--------+--------+--------+--------+-----+--------+

Top non-repeatable levels by time:
     D:2: 943 daAuts
     D:1: 889 daAuts
     D:3: 639 daAuts
     D:4: 620 daAuts
  Temple: 158 daAuts
 Ossuary: 114 daAuts
     D:5: 32 daAuts
